AoeStats
← zamithdaniel

Black Forest

505137858Analyzed
3v3 RM · 26d ago on Sep 8, 2026· 60m 37s· 6 players
Game mode
Random Map
Map size
Normal (6 player)
Population
200
Speed
Normal
Resources
Standard
Victory
Conquest
Starting age
Dark Age
Ending age
Imperial Age
RankedLock teamsTeams togetherTeam positionsShared explorationLock speedFull tech treeHidden civsTurbo modeCheats
Victory
Defeat
🇺🇸 Maya · United States
830
+19
🇺🇸 Spanish · United States
803
+20
🇺🇸 Mongols · United States
737
+22
🇨🇴 Mongols · Colombia
926
-22
🇨🇴 Turks · Colombia
914
-21
🇨🇴 Japanese · Colombia
834
-18
grahmsmolinski
10:34 Feudal Age
15:16 Castle Age
16:17 Double-Bit Axe
17:37 Horse Collar
17:45 Loom
19:00 Bow Saw
20:20 Wheelbarrow
19:32 Town Watch
25:14 Thumb Ring
24:29 Crossbowman
26:51 Heavy Plow
27:52 Fletching
28:02 Padded Archer Armor
28:58 Ballistics
28:49 Masonry
30:00 Bodkin Arrow
30:20 Leather Archer Armor
31:31 Careening
31:20 Murder Holes
31:46 Hand Cart
33:19 Town Patrol
36:24 Imperial Age
34:39 Hul'che Javelineers
34:38 Stone Mining
34:38 Gold Mining
35:04 Elite Skirmisher
36:34 Arbalester
37:15 Onager
39:59 Chemistry
48:45 Bracer
49:15 Ring Archer Armor
48:59 Forging
48:49 Scale Mail Armor
48:11 Man-at-Arms
48:54 Squires
48:39 Arson
48:15 Eagle Warrior
49:59 Holcans
49:24 Capped Ram
51:52 Block Printing
51:50 Elite Plumed Archer
52:01 Sappers
53:06 Hoardings
52:44 Elite Eagle Warrior
54:05 Iron Casting
53:45 Chain Mail Armor
53:24 Siege Ram
55:58 Sanctity
Brogo
12:56 Feudal Age
13:02 Loom
14:20 Wheelbarrow
13:33 Double-Bit Axe
13:30 Horse Collar
13:43 Gold Mining
19:42 Castle Age
18:45 Scale Barding Armor
18:51 Forging
24:23 Heavy Plow
25:07 Scale Mail Armor
26:49 Man-at-Arms
27:15 Gambesons
27:31 Squires
27:17 Arson
27:34 Padded Archer Armor
27:25 Fletching
28:24 Light Cavalry
29:15 Bloodlines
29:44 Iron Casting
29:31 Chain Barding Armor
29:23 Town Watch
30:20 Hand Cart
30:38 Husbandry
31:09 Caravan
31:35 Long Swordsman
31:36 Pikeman
32:46 Bow Saw
33:10 Chain Mail Armor
35:24 Ballistics
35:16 Masonry
37:51 Imperial Age
37:08 Town Patrol
37:23 Fortified Wall
38:33 Leather Archer Armor
38:14 Bodkin Arrow
37:54 Cavalier
38:47 Elite Conquistador
39:52 Conscription
38:57 Two-Handed Swordsman
40:17 Plate Barding Armor
40:43 Blast Furnace
39:57 Champion
41:42 Paladin
Soccorso
1:58 Loom
12:13 Feudal Age
12:42 Horse Collar
12:48 Double-Bit Axe
13:41 Wheelbarrow
19:36 Town Watch
19:59 Gold Mining
20:00 Stone Mining
24:00 Castle Age
23:34 Forging
23:24 Scale Mail Armor
23:44 Town Watch
25:14 Hand Cart
25:15 Bow Saw
25:46 Gold Shaft Mining
25:49 Stone Shaft Mining
29:45 Town Watch
30:21 Town Watch
31:12 Caravan
32:22 Man-at-Arms
33:25 Squires
33:11 Arson
34:24 Town Patrol
35:09 Heavy Plow
35:35 Ballistics
35:03 Long Swordsman
39:05 Imperial Age
36:13 Elite Skirmisher
40:06 Iron Casting
39:46 Chain Mail Armor
39:36 Scale Barding Armor
39:22 Fletching
39:32 Padded Archer Armor
39:30 Murder Holes
39:45 Fortified Wall
39:45 Masonry
39:05 Light Cavalry
39:55 Bloodlines
41:00 Conscription
41:24 Hoardings
40:50 Nomads
41:29 Onager
42:24 Elite Mangudai
43:26 Thumb Ring
43:41 Two-Handed Swordsman
45:27 Drill
44:36 Hussar
45:17 Husbandry
46:29 Champion
47:02 Capped Ram
48:50 Siege Onager
48:51 Siege Ram
50:34 Parthian Tactics
51:54 Pikeman
54:21 Heavy Camel Rider
zamithdaniel
5:49 Loom
12:39 Feudal Age
13:06 Horse Collar
13:14 Double-Bit Axe
22:50 Castle Age
24:56 Gold Mining
24:59 Stone Mining
25:34 Bow Saw
29:59 Imperial Age
27:47 Fortified Wall
27:59 Ballistics
30:37 Padded Archer Armor
30:48 Forging
30:43 Scale Barding Armor
31:41 Heavy Plow
32:54 Two-Man Saw
32:52 Iron Casting
32:35 Leather Archer Armor
34:21 Artillery
35:16 Wheelbarrow
34:26 Town Watch
35:26 Elite Janissary
37:22 Gold Shaft Mining
37:23 Ring Archer Armor
37:29 Hand Cart
39:26 Blast Furnace
39:57 Chain Barding Armor
41:49 Conscription
49:18 Bloodlines
49:10 Husbandry
Griffith
1:02 Loom
12:26 Feudal Age
20:48 Castle Age
23:37 Man-at-Arms
30:32 Forging
30:53 Scale Mail Armor
33:43 Wheelbarrow
41:04 Fishing Lines
41:24 Stone Mining
44:09 Imperial Age
44:59 Gold Mining
44:37 Capped Ram
47:20 Chain Mail Armor
47:40 Iron Casting
48:13 Double-Bit Axe
49:22 Pikeman
Dovahkyn
5:19 Loom
13:13 Feudal Age
21:02 Castle Age
19:30 Gold Mining
19:27 Double-Bit Axe
19:24 Horse Collar
19:26 Fishing Lines
22:35 Fletching
22:45 Padded Archer Armor
23:07 Bow Saw
23:32 Heavy Plow
25:02 Gillnets
25:10 Bodkin Arrow
25:09 Stone Mining
29:47 Caravan
30:46 Leather Archer Armor
33:20 Imperial Age
31:35 Wheelbarrow
30:46 Town Watch
31:48 Gold Shaft Mining
31:49 Stone Shaft Mining
32:18 Thumb Ring
35:12 Hand Cart
37:02 Parthian Tactics
37:53 Conscription
39:09 Coinage
38:05 Elite Mangudai
38:09 Heavy Cavalry Archer
43:19 Chemistry
42:40 Ballistics
54:09 Fortified Wall
54:11 Masonry
55:16 Onager
56:21 Drill
57:29 Pikeman
58:10 Squires
58:48 Nomads
59:52 Forging
59:43 Scale Mail Armor
61:04 Bracer
Connection lost

Rejoining the realm…

Still unreachable

The connection could not be restored.

Session expired

The server has moved on; the page needs a fresh start.